[Event "Titled Tuesday Blitz April 05 Early 2022"]
[White "Potapova, Margarita"]
[Black "Zhigalko, Sergei"]
[WhiteFideId "14126869"]
[BlackFideId "13502956"]
[WhiteElo "2216"]
[BlackElo "2662"]
[Result "0-1"]
[Round "02"]
[TimeControl "180+1"]
[Date "2022.04.05"]
[WhiteClock "0:00:07"]
[BlackClock "0:00:16"]

1. d4 Nf6 2. c4 e6 3. Nf3 b6 4. a3 Ba6 5. Qc2 Bb7 6. Nc3 c5 7. e4 cxd4 8. Nxd4 Nc6 9. Nxc6 Bxc6 10. Be2 Qc7 11. O-O Bc5 12. Rd1 h5 13. b4 Bd6 14. h3 Bh2+ 15. Kh1 Be5 16. Bb2 Rc8 17. Bf3 O-O 18. Qd3 a6 19. Rac1 Rfd8 20. Qe2 h4 21. Nd5 exd5 22. exd5 Bxb2 23. Qxb2 Ba4 24. d6 Qb8 25. Re1 Qxd6 26. Bb7 Rb8 27. Bf3 Bc6 28. Bxc6 dxc6 29. Qc3 Re8 30. Red1 Qf4 31. Qf3 Qxf3 32. gxf3 Re2 33. Rd6 Rxf2 34. Rxc6 Rxf3 35. c5 bxc5 36. bxc5 Rxh3+ 37. Kg2 Rxa3 38. Rd6 Rb2+ 39. Kg1 Rg3+ 40. Kf1 Ne4 41. Rd8+ Kh7 42. c6 Rf2+ 43. Ke1 Rg1# 0-1


[Site "https://www.chess.com"]

[Event "Titled Tuesday Blitz April 05 Early 2022"]
[White "Prado Lobo, Jonas"]
[Black "Danilenko, Dmitriy"]
[WhiteFideId "32050666"]
[BlackFideId "14120844"]
[WhiteElo "2214"]
[BlackElo "2606"]
[Result "0-1"]
[Round "02"]
[TimeControl "180+1"]
[Date "2022.04.05"]
[WhiteClock "0:00:02"]
[BlackClock "0:00:16"]

1. d4 f5 2. Bf4 Nf6 3. e3 d6 4. Nf3 g6 5. h4 Bg7 6. h5 Be6 7. h6 Bf8 8. c4 c6 9. Nc3 Nbd7 10. d5 Bg8 11. Ng5 Qb6 12. Qc2 cxd5 13. cxd5 Nxd5 14. Nxd5 Bxd5 15. O-O-O Qc6 16. Rxd5 Qxd5 17. Bc4 Qc6 18. Nf7 d5 19. Nxh8 dxc4 20. Rd1 e5 21. Bg5 Be7 22. f4 Bxg5 23. fxg5 Ke7 24. Nxg6+ Qxg6 25. Qxc4 Qc6 26. Qxc6 bxc6 27. Rf1 Ke6 28. g4 fxg4 29. e4 Rg8 30. Rf5 g3 0-1


[Site "https://www.chess.com"]

[Event "Titled Tuesday Blitz April 05 Early 2022"]
[White "Priasmoro, Novendra"]
[Black "Girinath, P.D.S."]
[WhiteFideId "7105029"]
[BlackFideId "5000572"]
[WhiteElo "2309"]
[BlackElo "2369"]
[Result "1-0"]
[Round "02"]
[TimeControl "180+1"]
[Date "2022.04.05"]
[WhiteClock "0:01:25"]
[BlackClock "0:00:01"]

1. e4 e6 2. d4 d5 3. Nc3 Nf6 4. e5 Nfd7 5. f4 c5 6. Nf3 Nc6 7. Be3 cxd4 8. Nxd4 Bc5 9. Qd2 Nxd4 10. Bxd4 Bxd4 11. Qxd4 Qb6 12. Qxb6 Nxb6 13. Nb5 Ke7 14. Nd4 Bd7 15. O-O-O Rac8 16. Bd3 Na4 17. h4 h5 18. Kb1 g6 19. g3 Nc5 20. Rhe1 a6 21. Re3 Rc7 22. Bf1 Rhc8 23. Bg2 b5 24. a3 Na4 25. Rd2 Nb6 26. Bf1 Na4 27. Nb3 Nc5 28. Nxc5 Rxc5 29. c3 a5 30. Rd4 a4 31. Rb4 Be8 32. Kc2 Bd7 33. Kd2 Be8 34. Re1 Bd7 35. Be2 Be8 36. Rh1 Bc6 37. Rd4 Bd7 38. Ke3 Rb8 39. g4 hxg4 40. Bxg4 Rh8 41. h5 Rh6 42. Bf3 gxh5 43. Rxh5 Rxh5 44. Bxh5 Rc8 45. Be2 Rh8 46. Rb4 Rb8 47. Kd4 f6 48. Kc5 fxe5 49. fxe5 Rc8+ 50. Kb6 Rc6+ 51. Kb7 Rc5 52. Kb6 Rc6+ 53. Ka5 Rc8 54. Bxb5 Ra8+ 55. Kb6 Rb8+ 56. Kc5 Rc8+ 57. Kd4 Bxb5 58. Rxb5 Rc4+ 59. Kd3 Re4 60. Rb7+ Kd8 61. Ra7 Rxe5 62. Rxa4 Rh5 63. Rb4 Kd7 64. a4 Kc6 65. a5 e5 66. a6 Rh7 67. Rb8 Ra7 68. b4 Kc7 69. Re8 Rxa6 70. Rxe5 Kd6 71. Kd4 Ra1 72. Rxd5+ Kc6 73. Rh5 Rg1 74. Rh6+ Kb5 75. Rh5+ Ka4 76. Kc5 Rg8 77. Kc4 Rc8+ 78. Rc5 Ra8 79. Ra5+ 1-0


[Site "https://www.chess.com"]

[Event "Titled Tuesday Blitz April 05 Early 2022"]
[White "Przybylski, Wojciech"]
[Black "De Souza, Cristiano Gomes"]
[WhiteFideId "1117599"]
[BlackFideId "2151758"]
[WhiteElo "2133"]
[BlackElo "2068"]
[Result "0-1"]
[Round "02"]
[TimeControl "180+1"]
[Date "2022.04.05"]
[WhiteClock "0:00:07"]
[BlackClock "0:00:03"]

1. e4 c5 2. Nf3 d6 3. d4 cxd4 4. Nxd4 Nf6 5. Nc3 g6 6. h4 Bg7 7. f3 Nc6 8. Nxc6 bxc6 9. Bd3 a5 10. Bg5 h6 11. Be3 Ba6 12. Qd2 Nd7 13. h5 g5 14. Bxa6 Rxa6 15. Bd4 Bxd4 16. Qxd4 Ne5 17. O-O-O Qb6 18. Qxb6 Rxb6 19. b3 Kd7 20. Rd2 Rhb8 21. Rhd1 Kc7 22. a4 Nd7 23. g3 Nf6 24. Rh2 Rb4 25. Re1 Nd7 26. f4 gxf4 27. gxf4 Nc5 28. e5 Rxf4 29. exd6+ exd6 30. Re7+ Kb6 31. Rd2 d5 32. Kb2 Rg8 33. Rxd5 Rf2 34. Rd6 Rg5 35. Rxh6 Nd3+ 36. Ka3 Nb4 37. Re2 Rxe2 38. Nxe2 Rg2 39. Nd4 Kc5 40. Kb2 Kxd4 41. Rf6 Rxc2+ 42. Kb1 Kc3 43. Rf3+ Kd4 44. Rxf7 Rh2 45. Rf5 Kc3 46. Rc5+ Kxb3 47. Kc1 Nd3+ 48. Kd1 Nxc5 49. h6 Rxh6 50. Kd2 Nxa4 51. Kd1 Nc3+ 52. Kd2 a4 53. Kd3 a3 54. Kd4 a2 55. Kc5 Ne4+ 56. Kb6 Rh5 57. Ka6 Rb5 58. Ka7 c5 59. Ka6 Rb4 60. Ka7 c4 61. Ka6 a1=Q# 0-1


[Site "https://www.chess.com"]

[Event "Titled Tuesday Blitz April 05 Early 2022"]
[White "Rabineau, Clement"]
[Black "Molina, Roberto Junio Brito"]
[WhiteFideId "628891"]
[BlackFideId "2109450"]
[WhiteElo "2237"]
[BlackElo "2432"]
[Result "0-1"]
[Round "02"]
[TimeControl "180+1"]
[Date "2022.04.05"]
[WhiteClock "0:00:01"]
[BlackClock "0:00:59"]

1. e4 c6 2. d4 d5 3. f3 g6 4. Nc3 Bg7 5. Be3 Qb6 6. Rb1 dxe4 7. fxe4 e5 8. Nf3 Bg4 9. Bc4 exd4 10. Bxd4 Bxd4 11. Qxd4 Qxd4 12. Nxd4 Nd7 13. O-O Ne5 14. Bb3 Ke7 15. h3 Be6 16. Bxe6 fxe6 17. Nf3 Nxf3+ 18. Rxf3 Nf6 19. Rbf1 Rhf8 20. g4 Nd7 21. Rxf8 Nxf8 22. Kf2 Nd7 23. Ke3 Ne5 24. b3 Rd8 25. Rd1 Rf8 26. Ke2 Rf3 27. Rd3 Nxd3 28. Kxf3 Ne1+ 29. Ke2 Nxc2 30. Kd3 Nb4+ 31. Kc4 Na6 32. e5 Nc7 33. Ne4 Ne8 34. a4 b6 35. a5 h6 36. b4 Kd7 37. axb6 axb6 38. b5 Kc7 39. Nf6 cxb5+ 40. Kxb5 Ng7 41. h4 h5 42. gxh5 gxh5 43. Ng8 Nf5 44. Nf6 Nd4+ 45. Kc4 Nf3 46. Nxh5 Nxe5+ 47. Kb5 Ng6 48. Ng7 e5 49. h5 Nf8 50. Nf5 Nh7 51. h6 Nf6 52. Kc4 Kc6 53. Ne7+ Kd7 54. Nf5 Ke6 55. Ng7+ Kf7 56. Kb5 Nd7 57. Kc6 e4 58. Nf5 Nf6 59. Ne3 Kg6 60. Kxb6 Kxh6 61. Kc5 Kg5 62. Kd4 Kf4 63. Ng2+ Kg3 64. Ne3 Kf3 65. Nc2 Ke2 66. Ke5 Kd3 67. Kf4 Kxc2 0-1


[Site "https://www.chess.com"]

[Event "Titled Tuesday Blitz April 05 Early 2022"]
[White "Ronka, Erik"]
[Black "Polster, Christian"]
[WhiteFideId "505080"]
[BlackFideId "12965081"]
[WhiteElo "2264"]
[BlackElo "2347"]
[Result "1-0"]
[Round "02"]
[TimeControl "180+1"]
[Date "2022.04.05"]
[WhiteClock "0:00:09"]
[BlackClock "0:00:11"]

1. e4 c5 2. Nf3 d6 3. d4 cxd4 4. Nxd4 Nf6 5. Nc3 a6 6. Nb3 g6 7. Be3 Bg7 8. f3 O-O 9. Qd2 b5 10. O-O-O Bb7 11. g4 b4 12. Nd5 Nxd5 13. exd5 a5 14. Kb1 a4 15. Nc1 a3 16. Bd4 axb2 17. Nb3 Qd7 18. Bxg7 Kxg7 19. h4 Qa4 20. Qd4+ f6 21. Qxb2 Nd7 22. Nd4 Bxd5 23. Nf5+ gxf5 24. Rxd5 Nc5 25. Bc4 fxg4 26. Re1 Ra7 27. fxg4 Qa3 28. g5 Na4 29. Qxa3 bxa3 30. Kc1 Rc7 31. Bb3 Nc5 32. Re3 fxg5 33. hxg5 Rf1+ 34. Kd2 Rf2+ 35. Ke1 Rg2 36. Bc4 Nb7 37. Bd3 Nd8 38. Be4 e5 39. Bxg2 Ne6 40. Rxa3 Nf4 41. Be4 Nxd5 42. Bxd5 Rxc2 43. Ra7+ Kg6 44. Be4+ Kxg5 45. Bxc2 e4 46. a4 d5 47. a5 Kf4 48. a6 Ke5 49. Re7+ Kd4 50. a7 Kc5 51. a8=Q Kb6 52. Qb7+ Kc5 53. Rc7+ Kd4 54. Qb2+ Ke3 55. Qc3+ Kf4 56. Rf7+ Kg4 57. Qe3 d4 58. Qf4+ Kh3 59. Rxh7+ Kg2 60. Rh2+ Kg1 61. Qf2# 1-0


[Site "https://www.chess.com"]

[Event "Titled Tuesday Blitz April 05 Early 2022"]
[White "Rottenwohrer Suarez, Juan"]
[Black "Sliwicka, Alicja"]
[WhiteFideId "32068182"]
[BlackFideId "1150677"]
[WhiteElo "2158"]
[BlackElo "2120"]
[Result "0-1"]
[Round "02"]
[TimeControl "180+1"]
[Date "2022.04.05"]
[WhiteClock "0:00:01"]
[BlackClock "0:01:09"]

1. d4 Nf6 2. c4 c5 3. Nf3 cxd4 4. Nxd4 e5 5. Nb5 d5 6. cxd5 Bc5 7. N5c3 e4 8. g3 e3 9. Bxe3 Bxe3 10. fxe3 Ng4 11. Qd4 O-O 12. Bg2 Re8 13. e4 Nd7 14. O-O Nde5 15. Nd2 Qg5 16. Nf3 Qh6 17. h3 Nxf3+ 18. exf3 Ne3 19. Rf2 Nxg2 20. Rxg2 Qxh3 21. d6 Bd7 22. Nd5 Rad8 23. Nf4 Qh6 24. Rc1 Bc6 25. Rd2 Qg5 26. Kg2 Re5 27. Rh1 Qf6 28. Rh5 Rxh5 29. Qxf6 Rh2+ 30. Kxh2 gxf6 31. Nh5 f5 32. exf5 Bxf3 33. Nf4 Kg7 34. Kg1 Kf6 35. Kf2 Bg4 36. Ke3 Bxf5 37. Nh5+ Ke5 38. Ng7 Bg6 0-1


[Site "https://www.chess.com"]

[Event "Titled Tuesday Blitz April 05 Early 2022"]
[White "Rozhkov, Viacheslav"]
[Black "Samaganova, Aleksandra"]
[WhiteFideId "4181484"]
[BlackFideId "13800221"]
[WhiteElo "2324"]
[BlackElo "1859"]
[Result "1-0"]
[Round "02"]
[TimeControl "180+1"]
[Date "2022.04.05"]
[WhiteClock "0:01:04"]
[BlackClock "0:00:14"]

1. e4 c5 2. Nf3 e6 3. d4 cxd4 4. Nxd4 a6 5. Bd3 Qc7 6. O-O Nf6 7. c4 b6 8. Nc3 Bb7 9. Qe2 d6 10. b3 Be7 11. Bb2 Nbd7 12. Rae1 O-O 13. f4 Nc5 14. Bb1 Bc6 15. Nxc6 Qxc6 16. e5 Ne8 17. Ne4 Nxe4 18. Bxe4 d5 19. cxd5 exd5 20. Bb1 Rd8 21. Rc1 Qb7 22. Rf3 d4 23. Bxh7+ Kxh7 24. Rh3+ Kg8 25. Qh5 f6 26. e6 1-0


[Site "https://www.chess.com"]

[Event "Titled Tuesday Blitz April 05 Early 2022"]
[White "Rustemov, Alexander"]
[Black "Skliarov, Viktor"]
[WhiteFideId "4119002"]
[BlackFideId "14106736"]
[WhiteElo "2822"]
[BlackElo "2229"]
[Result "1/2-1/2"]
[Round "02"]
[TimeControl "180+1"]
[Date "2022.04.05"]
[WhiteClock "0:00:09"]
[BlackClock "0:00:06"]

1. d4 Nf6 2. c4 e6 3. Nf3 b6 4. a3 Bb7 5. Nc3 d5 6. Bg5 Be7 7. Bxf6 Bxf6 8. cxd5 exd5 9. Qa4+ c6 10. g3 O-O 11. Rd1 Ba6 12. Bg2 Re8 13. Rd2 Qc8 14. O-O Nd7 15. Re1 b5 16. Qc2 b4 17. axb4 Rb8 18. e4 dxe4 19. Nxe4 Rxb4 20. Bh3 Qc7 21. Nxf6+ Nxf6 22. Rxe8+ Nxe8 23. Ne5 h6 24. Qxc6 Qxc6 25. Nxc6 Rc4 26. Rd1 Rxc6 27. Bd7 Rb6 28. Bxe8 Kf8 29. Bd7 Rxb2 30. Ra1 Rb6 31. Bh3 Ke7 32. Bf1 Bxf1 33. Rxa7+ Kf6 34. Kxf1 Rb4 35. Rd7 Rb2 36. h4 h5 37. Kg2 g6 38. Kf3 Ke6 39. Rd8 Rd2 40. Ke3 Rb2 41. Ra8 Kf6 42. Ra6+ Ke7 43. d5 Kd7 44. f3 Rb4 45. Ra7+ Ke8 46. d6 Rb6 47. d7+ Kd8 48. Kf4 Rd6 49. Ke5 Rxd7 50. Rxd7+ Kxd7 51. Kf6 Ke8 52. Kg7 Ke7 53. g4 hxg4 54. fxg4 f5 55. h5 fxg4 56. h6 g3 57. h7 g2 58. h8=Q g1=Q 59. Qf8+ Kd7 60. Qf7+ Kd6 61. Qxg6+ Qxg6+ 62. Kxg6 1/2-1/2


[Site "https://www.chess.com"]

[Event "Titled Tuesday Blitz April 05 Early 2022"]
[White "Sadykov, Ramil"]
[Black "Mohammadian, Mohammad"]
[WhiteFideId "24113590"]
[BlackFideId "12566055"]
[WhiteElo "2300"]
[BlackElo "1544"]
[Result "1-0"]
[Round "02"]
[TimeControl "180+1"]
[Date "2022.04.05"]
[WhiteClock "0:00:52"]
[BlackClock "0:00:08"]

1. d4 Nf6 2. Nc3 d5 3. Bf4 e6 4. e3 Bb4 5. Nf3 Ne4 6. a3 Bxc3+ 7. bxc3 Nxc3 8. Qd2 Ne4 9. Qb4 Nc6 10. Bb5 Bd7 11. Bxc6 Bxc6 12. O-O Nd6 13. Ne5 O-O 14. Nxc6 bxc6 15. Qa4 Qd7 16. Rfb1 Nb5 17. Qa5 Rfb8 18. a4 Nd6 19. Rxb8+ Rxb8 20. Qxa7 Rd8 21. a5 f6 22. a6 Re8 23. Qc5 e5 24. Bg3 Ne4 25. Qb4 Nxg3 26. hxg3 exd4 27. exd4 Qg4 28. a7 Re2 29. a8=Q+ Kf7 30. Qaf8+ Kg6 31. Qc3 Qf5 32. Qd3 Rxf2 33. Qxf5+ Rxf5 34. Rf1 Rg5 35. Qe8+ Kh6 36. Rf4 Rxg3 37. Rh4+ 1-0


[Site "https://www.chess.com"]

[Event "Titled Tuesday Blitz April 05 Early 2022"]
[White "Sahil, Tickoo"]
[Black "Sai Agni Jeevitesh, J"]
[WhiteFideId "5019710"]
[BlackFideId "5070147"]
[WhiteElo "2099"]
[BlackElo "2190"]
[Result "1-0"]
[Round "02"]
[TimeControl "180+1"]
[Date "2022.04.05"]
[WhiteClock "0:00:12"]
[BlackClock "0:00:16"]

1. d4 g6 2. e4 Bg7 3. Nf3 d6 4. Nc3 Nf6 5. Be2 a6 6. a4 c6 7. O-O O-O 8. Re1 Bg4 9. h3 Bxf3 10. Bxf3 Nbd7 11. e5 Ne8 12. e6 fxe6 13. Bg4 Nc7 14. Bxe6+ Nxe6 15. Rxe6 Rf6 16. Rxf6 exf6 17. Bf4 d5 18. Qd2 Qb6 19. b3 Re8 20. a5 Qb4 21. Ra4 Qe7 22. Ra1 g5 23. Be3 h6 24. Na4 f5 25. Qd3 f4 26. Bd2 Qe2 27. Qc3 Re4 28. Re1 Qb5 29. Rxe4 dxe4 30. Bc1 Qe2 31. Bb2 e3 32. fxe3 fxe3 33. Qc4+ Qxc4 34. bxc4 c5 35. c3 Kf7 36. Kf1 Ke6 37. Ke2 cxd4 38. cxd4 Kf5 39. Kxe3 h5 40. Kf3 g4+ 41. hxg4+ hxg4+ 42. Ke3 Bh6+ 43. Kd3 Bf4 44. d5 Bc7 45. Bc3 Kf4 46. Be1 Ne5+ 47. Kd4 Nd7 48. c5 Be5+ 49. Kc4 Ke4 50. c6 bxc6 51. dxc6 Nf6 52. Kc5 Nd5 53. Nb6 Bd4+ 54. Kd6 Nxb6 55. axb6 Bxb6 56. c7 Bxc7+ 57. Kxc7 Ke3 58. Kb6 Ke2 59. Bh4 Kf1 60. g3 a5 61. Kxa5 Kg2 62. Kb5 Kf3 63. Kc5 Ke4 64. Kc4 Kf3 65. Kd5 1-0


[Site "https://www.chess.com"]

[Event "Titled Tuesday Blitz April 05 Early 2022"]
[White "Samarth, J Rao"]
[Black "Martin Duque, Jesus"]
[WhiteFideId "46652370"]
[BlackFideId "2208954"]
[WhiteElo "1514"]
[BlackElo "2243"]
[Result "1-0"]
[Round "02"]
[TimeControl "180+1"]
[Date "2022.04.05"]
[WhiteClock "0:00:14"]
[BlackClock "0:00:17"]

1. c4 b6 2. d4 Nf6 3. Nc3 Bb7 4. f3 d5 5. cxd5 Nxd5 6. e4 Nxc3 7. bxc3 e5 8. d5 c6 9. c4 Bb4+ 10. Bd2 Bxd2+ 11. Qxd2 O-O 12. Bd3 Nd7 13. Ne2 Nc5 14. Bc2 f5 15. O-O f4 16. Qc3 Qg5 17. Rad1 Rf6 18. Qd2 Rd8 19. Kh1 Rh6 20. g3 Rdd6 21. Rg1 Ba6 22. Rg2 Bxc4 23. gxf4 Qh5 24. fxe5 Qxe5 25. Ng3 cxd5 26. Nf5 Kh8 27. f4 Qb2 28. e5 Rdg6 29. Nxh6 Rxh6 30. Bb1 Qb5 31. f5 Qe8 32. Rdg1 Qh5 33. Qf4 d4 34. e6 Bd5 35. Qb8+ 1-0


[Site "https://www.chess.com"]

[Event "Titled Tuesday Blitz April 05 Early 2022"]
[White "Sanal, Vahap"]
[Black "Krysa, Leandro"]
[WhiteFideId "6300545"]
[BlackFideId "116807"]
[WhiteElo "2603"]
[BlackElo "2490"]
[Result "1-0"]
[Round "02"]
[TimeControl "180+1"]
[Date "2022.04.05"]
[WhiteClock "0:00:06"]
[BlackClock "0:00:04"]

1. d4 d5 2. Nf3 Nf6 3. Bf4 c5 4. e3 Nc6 5. Nbd2 e6 6. c3 Nh5 7. Bg5 f6 8. Bh4 g6 9. Bg3 Be7 10. Bd3 cxd4 11. cxd4 O-O 12. Rc1 Bd7 13. O-O Nxg3 14. hxg3 Kg7 15. e4 Qb6 16. Re1 Rac8 17. exd5 Nxd4 18. Nc4 Qc5 19. dxe6 Bc6 20. Nxd4 Qxd4 21. Bf1 Qxd1 22. Rexd1 Rfd8 23. Na5 Rxd1 24. Rxd1 f5 25. Bc4 Kf6 26. Nxc6 Rxc6 27. b3 Rd6 28. Bd5 Ke5 29. f4+ Kf6 30. Kf2 Rd8 31. Ke2 b6 32. Kf3 h5 33. Ke2 Bc5 34. Rd3 a5 35. Rd2 Ke7 36. Rd1 Kf6 37. Ke1 Ke7 38. Kf1 Kf6 39. Ke2 Ke7 40. Rd3 Kf6 41. Kd1 Ke7 42. Kc2 Bf2 43. Kc3 b5 44. a4 bxa4 45. bxa4 Kf6 46. Kc4 Rc8+ 47. Kb5 Rc5+ 48. Ka6 Bxg3 49. Bb3 Bxf4 50. Rd7 Rc7 51. Rd8 Be5 52. Kxa5 Re7 53. Kb5 g5 54. Bd5 g4 55. a5 f4 56. a6 h4 57. Kc6 f3 58. gxf3 g3 59. f4 Bxf4 60. Rf8+ Ke5 61. Rf7 Rxf7 62. exf7 Bh6 63. a7 h3 64. a8=Q g2 65. Qb8+ Kf6 66. Qh2 Be3 67. f8=Q+ 1-0


[Site "https://www.chess.com"]

[Event "Titled Tuesday Blitz April 05 Early 2022"]
[White "Sanchez Alvares, Kelvin Antonio"]
[Black "Koridze, Lile"]
[WhiteFideId "3906680"]
[BlackFideId "13612514"]
[WhiteElo "2193"]
[BlackElo "2050"]
[Result "1/2-1/2"]
[Round "02"]
[TimeControl "180+1"]
[Date "2022.04.05"]
[WhiteClock "0:01:10"]
[BlackClock "0:01:53"]

1. e4 c5 2. Nf3 d5 3. exd5 Qxd5 4. Nc3 Qd8 5. Bb5+ Bd7 6. Ne5 a6 7. Bc4 e6 8. Qh5 Qe7 9. O-O Nf6 10. Qf3 Nc6 11. Nxd7 Qxd7 12. d3 Be7 13. Be3 O-O 14. Ne4 Nxe4 15. dxe4 b5 16. Be2 Nd4 17. Bxd4 Qxd4 18. c3 Qe5 19. Qe3 Rad8 20. f4 Qc7 21. Rfd1 c4 22. Kh1 Bc5 23. Qf3 f5 24. exf5 exf5 25. Rd5 Kh8 26. Rad1 Rxd5 27. Rxd5 Ba7 28. g3 Qb6 29. Qf1 Qc6 30. Bf3 Qb6 31. h4 g6 32. Kh2 Rd8 33. Rxd8+ Qxd8 34. Qd1 Qxd1 35. Bxd1 a5 36. Be2 Be3 37. b3 Bd2 38. bxc4 bxc4 39. Bxc4 Bxc3 40. Kg2 Kg7 41. Kf3 Kf6 42. Bb3 h6 43. Ba4 Bb4 44. Bd7 Be1 45. a4 Bb4 46. g4 fxg4+ 47. Kxg4 Be1 48. h5 g5 49. fxg5+ hxg5 50. Bf5 Bd2 51. h6 Be3 52. Bd3 Bd2 53. Kh5 Be3 1/2-1/2


[Site "https://www.chess.com"]

[Event "Titled Tuesday Blitz April 05 Early 2022"]
[White "Sanchez, Robert"]
[Black "Rodchenkov, Sergey D."]
[WhiteFideId "2034360"]
[BlackFideId "4168712"]
[WhiteElo "2287"]
[BlackElo "2306"]
[Result "0-1"]
[Round "02"]
[TimeControl "180+1"]
[Date "2022.04.05"]
[WhiteClock "0:01:17"]
[BlackClock "0:01:22"]

1. e4 c5 2. Nf3 d6 3. d4 cxd4 4. Nxd4 Nf6 5. Nc3 a6 6. Be3 e5 7. Nb3 Be7 8. f3 Be6 9. Qd2 O-O 10. O-O-O Nbd7 11. g4 b5 12. g5 Nh5 13. Nd5 Bxd5 14. exd5 f6 15. gxf6 Bxf6 16. Bh3 Kh8 17. Kb1 Nf4 18. Be6 Qe7 19. Bxf4 exf4 20. Nd4 g6 21. Rhe1 Nc5 22. Nc6 Qg7 23. c3 a5 24. Re2 b4 25. c4 Na4 26. Qc2 Nxb2 27. h4 Nxd1 28. Qxd1 Bxh4 29. Rh2 g5 30. Nd4 Bg3 31. Rh5 Qg6+ 0-1


[Site "https://www.chess.com"]

[Event "Titled Tuesday Blitz April 05 Early 2022"]
[White "Sarana, Alexey"]
[Black "Shtyka, Sergey"]
[WhiteFideId "24133795"]
[BlackFideId "4138465"]
[WhiteElo "2666"]
[BlackElo "2014"]
[Result "1-0"]
[Round "02"]
[TimeControl "180+1"]
[Date "2022.04.05"]
[WhiteClock "0:01:54"]
[BlackClock "0:00:22"]

1. d4 c5 2. d5 e5 3. Nc3 d6 4. e4 Be7 5. Nf3 Bg4 6. h3 Bxf3 7. Qxf3 a6 8. a4 Bg5 9. Bxg5 Qxg5 10. Qg4 Qxg4 11. hxg4 Ne7 12. a5 Nd7 13. Na4 O-O-O 14. Be2 h6 15. b3 Kc7 16. Nb2 Nf6 17. Bf3 g6 18. Nc4 h5 19. gxh5 Nxh5 20. g3 Nf6 21. Ke2 g5 22. c3 Ng6 23. Ke3 Rxh1 24. Rxh1 Rh8 25. Rc1 g4 26. Be2 Rh2 27. b4 Nd7 28. Bxg4 Ngf8 29. Rb1 Rh6 30. Bf5 Rh8 31. Rc1 Rh6 32. Nb2 Rh8 33. Na4 cxb4 34. cxb4+ Kb8 35. Nb2 Rh6 36. Nc4 Rf6 37. Nb6 Nxb6 38. axb6 Ne6 39. dxe6 fxe6 40. Bg4 1-0


[Site "https://www.chess.com"]

[Event "Titled Tuesday Blitz April 05 Early 2022"]
[White "Sellitti, Federico"]
[Black "Salinas Herrera, Pablo"]
[WhiteFideId "821829"]
[BlackFideId "3407128"]
[WhiteElo "2558"]
[BlackElo "2541"]
[Result "0-1"]
[Round "02"]
[TimeControl "180+1"]
[Date "2022.04.05"]
[WhiteClock "0:00:04"]
[BlackClock "0:02:07"]

1. e4 c5 2. Nc3 e6 3. g3 a6 4. Bg2 Nc6 5. d3 g6 6. f4 Bg7 7. Nf3 Nge7 8. O-O d6 9. Be3 Nd4 10. Qd2 b5 11. Nd1 Bb7 12. c3 Nxf3+ 13. Bxf3 O-O 14. Bg2 a5 15. Nf2 b4 16. Nh3 Qd7 17. g4 f5 18. gxf5 gxf5 19. Ng5 h6 20. Nh3 Rf6 21. Kh1 Rg6 22. Rg1 bxc3 23. bxc3 c4 24. e5 Rxg2 25. Rxg2 dxe5 26. Kg1 Bxg2 27. Qxg2 Qd5 28. fxe5 Qxg2+ 29. Kxg2 cxd3 30. Bd4 Kf7 31. Nf4 Rc8 32. Nxd3 Nd5 33. Rc1 h5 34. Kf3 Bh6 35. Rc2 Rc4 36. Rb2 Nxc3 37. Rb7+ Kg6 38. Bxc3 Rxc3 39. Ke2 Rc2+ 40. Kf3 Rxh2 41. Rb6 Rh3+ 42. Ke2 Re3+ 43. Kd2 Rxe5+ 44. Kc2 Re4 45. Nc5 Rc4+ 0-1


[Site "https://www.chess.com"]

[Event "Titled Tuesday Blitz April 05 Early 2022"]
[White "Seo, Jung Min"]
[Black "Mogirzan, Matei-Valeriu"]
[WhiteFideId "1734687"]
[BlackFideId "1257455"]
[WhiteElo "2705"]
[BlackElo "2321"]
[Result "1-0"]
[Round "02"]
[TimeControl "180+1"]
[Date "2022.04.05"]
[WhiteClock "0:01:09"]
[BlackClock "0:00:01"]

1. e4 e5 2. Nf3 Nf6 3. d4 Nxe4 4. Bd3 d5 5. Nxe5 Nc6 6. Nxc6 bxc6 7. O-O Bd6 8. Qe2 O-O 9. Bxe4 Qh4 10. f4 dxe4 11. Qxe4 Bg4 12. Nc3 Rae8 13. Qxc6 Re6 14. Qd5 Rh6 15. h3 Rh5 16. Qe4 Bxh3 17. gxh3 Qxh3 18. Qg2 Qh4 19. Bd2 f5 20. Be1 Qf6 21. Ne2 Qh6 22. Bg3 Rf6 23. Rf3 Rg6 24. Raf1 Rg4 25. Rb3 c6 26. Qxc6 Qg6 27. Qd5+ Kf8 28. Rff3 Qh6 29. Rfc3 Qg6 30. Rc8+ Ke7 31. Rb7+ Kf6 32. Qxd6# 1-0


[Site "https://www.chess.com"]

[Event "Titled Tuesday Blitz April 05 Early 2022"]
[White "Shahaliyev, Ismayil"]
[Black "Hartikainen, Jarmo"]
[WhiteFideId "13406388"]
[BlackFideId "503134"]
[WhiteElo "2105"]
[BlackElo "2085"]
[Result "1-0"]
[Round "02"]
[TimeControl "180+1"]
[Date "2022.04.05"]
[WhiteClock "0:01:48"]
[BlackClock "0:00:23"]

1. d4 Nf6 2. Nc3 e6 3. Bg5 d5 4. Nf3 Be7 5. Bxf6 Bxf6 6. e4 dxe4 7. Nxe4 O-O 8. Nxf6+ Qxf6 9. Bd3 Nc6 10. Be4 Bd7 11. O-O Rad8 12. c3 Qf4 13. Qc2 h6 14. Rfe1 Qd6 15. Rad1 b5 16. Qe2 a6 17. Bc2 Ne7 18. Ne5 Nd5 19. Qd3 f5 20. Bb3 Rf6 21. h4 Be8 22. Qf3 c5 23. dxc5 Qxc5 24. Rd4 1-0


[Site "https://www.chess.com"]

[Event "Titled Tuesday Blitz April 05 Early 2022"]
[White "Shubin, Kirill"]
[Black "Hua, Lefong"]
[WhiteFideId "34119962"]
[BlackFideId "2602253"]
[WhiteElo "2522"]
[BlackElo "2601"]
[Result "1-0"]
[Round "02"]
[TimeControl "180+1"]
[Date "2022.04.05"]
[WhiteClock "0:00:32"]
[BlackClock "0:00:16"]

1. e4 c5 2. Nf3 g6 3. g3 Bg7 4. Bg2 Nc6 5. O-O d6 6. c3 Nf6 7. Re1 Bg4 8. h3 Bxf3 9. Bxf3 Nd7 10. Bg2 O-O 11. a4 a6 12. d3 Rb8 13. Be3 b5 14. axb5 axb5 15. Nd2 b4 16. Qc2 Qc7 17. Nc4 Nde5 18. Nxe5 Nxe5 19. f4 Nc6 20. Ra6 Rb6 21. Rea1 Rfb8 22. Ra8 Qc8 23. Rxb8 Qxb8 24. e5 bxc3 25. bxc3 Nd8 26. Ra8 Qc7 27. Qa4 Kf8 28. Kh2 Rb8 29. Ra7 Qc8 30. d4 cxd4 31. cxd4 Ne6 32. d5 Nc5 33. Qc6 Qxc6 34. dxc6 Ne6 35. c7 Rc8 36. Bb6 dxe5 37. Bb7 Rxc7 38. Ra8+ 1-0


[Site "https://www.chess.com"]

[Event "Titled Tuesday Blitz April 05 Early 2022"]
[White "Shukhman, Anna"]
[Black "Tarigan, Gilbert Elroy"]
[WhiteFideId "54180058"]
[BlackFideId "7108133"]
[WhiteElo "1665"]
[BlackElo "1908"]
[Result "0-1"]
[Round "02"]
[TimeControl "180+1"]
[Date "2022.04.05"]
[WhiteClock "0:00:09"]
[BlackClock "0:00:12"]

1. e4 c5 2. Nf3 Nc6 3. Bb5 g6 4. O-O Bg7 5. c3 Nf6 6. Re1 O-O 7. h3 d5 8. e5 Ne8 9. d4 Nc7 10. Bf1 Bf5 11. Na3 cxd4 12. cxd4 Rc8 13. Nc2 Bxc2 14. Qxc2 Ne6 15. Qd1 Qb6 16. Be3 Qxb2 17. Rb1 Qxa2 18. Rxb7 Rb8 19. Qb1 Qxb1 20. Rexb1 Rxb7 21. Rxb7 Rb8 22. Rxb8+ Nxb8 23. Bb5 Nc7 24. Ba4 a6 25. Nd2 Nb5 26. Nb3 Nd7 27. Nc5 Nxc5 28. dxc5 Bxe5 29. c6 Bc7 30. Kf1 Kf8 31. Bb3 e6 32. Ke2 Ke7 33. Bc5+ Bd6 34. Bb6 Be5 35. Bc5+ Kd8 36. g3 Nd4+ 37. Bxd4 Bxd4 38. f3 Kc7 39. Ba4 Bb6 40. Kd3 Kd6 41. g4 e5 42. Ke2 f5 43. gxf5 gxf5 44. Kd3 e4+ 45. Ke2 d4 46. fxe4 fxe4 47. Kd2 Ke5 48. Ke2 d3+ 49. Kd1 Kd4 50. Bb3 e3 0-1


[Site "https://www.chess.com"]